 Dungeon Crawl Stone Soup version 0.21.1-1-g345015f (webtiles) character file.

38 microfolk the Ruffian (level 3, -7/29 HPs)
             Began as a Draconian Transmuter on Apr 21, 2018.
             Mangled by an ice beast (12 damage)
             ... on level 2 of the Dungeon.
             The game lasted 00:03:00 (1270 turns).

microfolk the Ruffian (Draconian Transmuter)        Turns: 1270, Time: 00:03:00

Health: -7/29      AC:  5    Str:  9 (12) XL:     3   Next: 25%
Magic:  6/6        EV: 12    Int: 18 (19) God:
Gold:   51         SH:  0    Dex:  9 (11) Spells: 0/6 levels left

rFire    . . .     SeeInvis .     - Unarmed
rCold    . . .     Gourm    .   (no shield)
rNeg     . . .     Faith    .   (armour unavailable)
rPois    .         Spirit   .   (helmet restricted)
rElec    .         Reflect  .   (no cloak)
rCorr    .         Harm     .   (no gloves)
MR       .....                  (no boots)
Stlth    +.........             (no amulet)
HPRegen  0.09/turn              (no ring)
MPRegen  0.10/turn              (no ring)

@: brilliant
A: unfitting armour, cold-blooded, AC +5
a: no special abilities


You were on level 2 of the Dungeon.
You were not hungry.

You visited 1 branch of the dungeon, and saw 3 of its levels.

You collected 51 gold pieces.

Inventory:

Hand Weapons
 l - a +0 hunting sling
Missiles
 a - 12 arrows
 f - 23 stones (quivered)
Scrolls
 h - a scroll of identify {unknown}
 i - a scroll of immolation
Potions
 j - a potion of invisibility {unknown}
 k - a potion of cancellation {unknown}
 m - a potion of curing {unknown}
Books
 b - a book of Changes

   Spells                             Type                      Level
   a - Beastly Appendage              Transmutation                1
   b - Sticks to Snakes               Transmutation                2
   c - Spider Form                    Transmutation/Poison         3
   d - Ice Form                       Ice/Transmutation            4
   e - Blade Hands                    Transmutation                5
Comestibles
 c - 5 rations
 n - 5 chunks of flesh


   Skills:
 + Level 1.9 Fighting
 - Level 1.7 Dodging
 - Level 3.0 Unarmed Combat
 + Level 2.4 Spellcasting
 * Level 3.0 Transmutations


You couldn't memorise any spells.
You knew the following spells:

 Your Spells              Type           Power        Failure   Level  Hunger
a - Beastly Appendage     Tmut           ###...       1%          1    #......
b - Sticks to Snakes      Tmut           ###.....     1%          2    ##.....
c - Spider Form           Tmut/Pois      ###.......   3%          3    ###....


Dungeon Overview and Level Annotations

Branches:
Dungeon (3/15)

Altars:
Qazlal


Innate Abilities, Weirdness & Mutations

Your plain brown scales are hard. (AC +5)
You cannot fit into any form of body armour.
You are cold-blooded and may be slowed by cold attacks.


Message History

You climb upwards.
A goblin comes into view. It is wielding a club.
Found a dark potion.
There is a stone staircase leading down here.
As you read the scroll labeled CUTUCZ HULUR, it crumbles to dust.
You feel blessed for a moment.
It was a scroll of remove curse.
The bat misses you. The ice beast hits you. The ice beast freezes you!
The goblin hits you with a club.
It was a potion of brilliance.
You feel clever all of a sudden. The ice beast barely misses you.
The goblin hits you with a club.
It was a potion of degeneration.
There was something very wrong with that liquid.
You feel weakened.
You feel dopey.
You feel clumsy. The goblin hits you with a club.
* * * LOW HITPOINT WARNING * * *
The ice beast hits you.
* * * LOW HITPOINT WARNING * * *
The ice beast freezes you!
You die...

#.# #
#.#
#.#.#
#.#.#
#.#!#
#..b#
#Yg#
#g@#
####


You could see an ice beast, 2 goblins and a bat.

Vanquished Creatures
  2 dart slugs (D:1)
  A leopard gecko (D:1)
  4 bats (D:1)
  A giant cockroach (D:1)
  4 goblins
  7 hobgoblins
  4 frilled lizards (D:1)
  2 kobolds (D:1)
  9 rats
34 creatures vanquished.

Notes
Turn   | Place    | Note
-------+----------+-------------------------------------------
     0 | D:1      | microfolk the Draconian Transmuter began the quest for the Orb.
     0 | D:1      | Reached XP level 1. HP: 16/16 MP: 3/3
   438 | D:1      | Reached XP level 2. HP: 22/23 MP: 5/5
   442 | D:1      | Learned a level 2 spell: Sticks to Snakes
   831 | D:1      | Reached XP level 3. HP: 23/29 MP: 6/6
   836 | D:1      | Learned a level 3 spell: Spider Form
  1237 | D:2      | Found a stormy altar of Qazlal.
  1262 | D:2      | You fall through a shaft!
  1262 | D:3      | Noticed an ice beast
  1270 | D:2      | Mangled by an ice beast

Skill      XL: |  1  2  3 |
---------------+----------+-----
Transmutations | 3 |  3.0
Fighting       | |  1.9
Dodging        | |  1.7
Unarmed Combat | |  3.0
Spellcasting   | |  2.4

Action                   || total
-------------------------++-------
Melee: Unarmed           ||   112
       Tailslap          ||     9
       Kick              ||     9
 Cast: Beastly Appendage ||    10
  Use: Scroll            ||     2
       Potion            ||     2
 Stab: Sleeping          ||     1
  Eat: Chunk             ||     1
Armor: Skin              ||    26
Dodge: Dodged            ||    71
